 Dungeon Crawl Stone Soup version 0.28.0 (webtiles) character file.

Game seed: 7434301788188816042

230 inmateoo the Stinger (level 5, -3/30 (38) HPs)
             Began as a Demonspawn Venom Mage on Feb 14, 2022.
             Slain by Edmund (4 damage)
             ... while paralysed by Grinder
             ... on level 4 of the Dungeon.
             The game lasted 00:06:58 (3457 turns).

inmateoo the Stinger (Demonspawn Venom Mage)        Turns: 3457, Time: 00:06:58

HP:   -3/30 (38)    AC:  3    Str: 14    XL:     5   Next: 72%
MP:   5/9           EV:  2    Int: 18    God:
Gold: 131           SH:  0    Dex: 14    Spells: 3/9 levels left

rFire   . . .      SeeInvis .     - Unarmed
rCold   + . .      Faith    .   (no shield)
rNeg    . . .      Spirit   .   a - +0 robe
rPois   .          Reflect  .   (helmet restricted)
rElec   .          Harm     .   (no cloak)
rCorr   .          Rampage  .   (no gloves)
Will    .....                   d - +0 pair of boots
Stlth   ++........              (no amulet)
HPRegen 0.10/turn               e - +6 ring of strength
MPRegen 0.11/turn               b - ring of protection from cold

@: paralysed, heavily drained
A: horns 2, demonic magic 1
a: no special abilities


You were on level 4 of the Dungeon.
You visited 1 branch of the dungeon, and saw 4 of its levels.

You collected 131 gold pieces.

Inventory:

Hand Weapons
 j - a +2 whip of venom
Armour
 a - a +0 robe (worn)
 d - a +0 pair of boots (worn)
Jewellery
 b - a ring of protection from cold (right hand)
 e - a +6 ring of strength (left hand)
Wands
 g - a wand of mindburst (14)
 k - a wand of charming (10)
 m - a wand of polymorph (10)
Scrolls
 c - 2 scrolls of teleportation
 n - a scroll of immolation {unknown}
 p - a scroll of blinking
 q - a scroll of identify
Potions
 f - 5 potions of curing
 h - a potion of might
 i - a potion of berserk rage {unknown}
 l - a potion of lignification {unknown}
 o - a potion of brilliance


   Skills:
 + Level 2.1 Fighting
 - Level 2.0 Dodging
 - Level 2.0 Stealth
 + Level 2.0 Unarmed Combat
 + Level 2.9 Spellcasting
 + Level 2.1 Transmutations
 + Level 3.9 Poison Magic


You had 3 spell levels left.
You knew the following spells:

 Your Spells              Type           Power      Damage    Failure   Level
a - Sting                 Tmut/Pois      52%        1d5       4%          1
b - Poisonous Vapours     Pois/Air       18%        N/A       11%         2
c - Mephitic Cloud        Conj/Pois/Air  7%         N/A       28%         3

Your spell library contained the following spells:

 Spells                   Type           Power      Damage    Failure   Level
 Shock                    Conj/Air       8%         1d3       17%         1
 Stone Arrow              Conj/Erth      4%         3d7       45%         3
 Swiftness                Air            2%         N/A       45%         3
 Olgreb's Toxic Radiance  Pois           17%        N/A       32%         4
 Airstrike                Air            1%         N/A       86%         4
 Animate Armour           Summ/Erth      4%         N/A       86%         4
 Lehudib's Crystal Spear  Conj/Erth      1%         10d2      100%        8


Dungeon Overview and Level Annotations

Branches:
Dungeon (4/15)
 Temple: D:4-7

Altars:
Kikubaaqudgha
Qazlal

Annotations:
D:4 Edmund, Grinder


Innate Abilities, Weirdness & Mutations

You have a pair of horns on your head.
Spells you cast may paralyse adjacent enemies.


Message History

An ogre comes into view. It is wielding a +0 giant club.
A goblin comes into view. It is wielding a +0 falchion.
Grinder gestures at you.
You suddenly lose the ability to move!
Edmund hits you with a +1 flail of draining.
You feel drained.
Edmund hits you with a +1 flail of draining.
You feel drained.
You can move again.
Unknown command.
Okay, then.
The ogre shouts!
Your magical contamination has completely faded away.
An endoplasm comes into view.
Grinder says, "At least Makhleb appreciates what I'm doing."
Grinder blinks!
The endoplasm quivers.
Grinder gestures at you.
You suddenly lose the ability to move!
Edmund hits you with a +1 flail of draining!
You feel drained.
Edmund hits you with a +1 flail of draining.
* * * LOW HITPOINT WARNING * * *
You feel drained.
* * * LOW HITPOINT WARNING * * *
The endoplasm hits you but does no damage.
Edmund hits you with a +1 flail of draining.
* * * LOW HITPOINT WARNING * * *
You feel drained.
* * * LOW HITPOINT WARNING * * *
A ball python comes into view.
Grinder gestures at you.
You barely resist. The endoplasm freezes you.
You are frozen.
You resist.
* * * LOW HITPOINT WARNING * * *
Edmund barely misses you.
The endoplasm hits you but does no damage.
Edmund hits you with a +1 flail of draining.
You die...

........##########..#.#.# #
....................#.#.# #
....................#.#.# #
#..............#.#.# #
#..............#.#.# #
#................#.#########
#........5.......#.....)....
#................###########
#...S.....@@J..#>.
###.........O....#
#................#
#......#########.# #..)...#
.# #......# # #......#
#......# #......#


You could see Edmund (poisoned), Grinder, an ogre, an endoplasm and a ball
python (wandering).

Vanquished Creatures
  An orc priest (D:3)
  Jessica (D:3)
  An iguana (D:4)
  An orc wizard (D:2)
  5 adders
  2 worms
  2 dart slugs
  4 orcs
  6 endoplasms
  5 giant cockroaches
  5 goblins
  6 hobgoblins
  2 jackals (D:1)
  2 kobolds
  5 quokkas
  9 ball pythons
  4 bats
  3 frilled lizards (D:1)
  2 rats (D:1)
66 creatures vanquished.

Notes
Turn   | Place    | Note
-------+----------+-------------------------------------------
     0 | D:1      | inmateoo the Demonspawn Venom Mage began the quest for the
                  | Orb.
     0 | D:1      | Reached XP level 1. HP: 13/13 MP: 3/3
    94 | D:1      | Reached skill level 1 in Transmutations
   507 | D:1      | Gained mutation: You have a pair of small horns on your
                  | head. [demonic ancestry]
   507 | D:1      | Reached XP level 2. HP: 19/19 MP: 3/5
   984 | D:2      | Reached XP level 3. HP: 17/25 MP: 1/6
   996 | D:2      | Reached skill level 1 in Unarmed Combat
  1269 | D:2      | Learned a level 2 spell: Poisonous Vapours
  1273 | D:2      | Learned a level 3 spell: Mephitic Cloud
  1309 | D:2      | Reached skill level 1 in Fighting
  1818 | D:2      | Found an ancient bone altar of Kikubaaqudgha.
  1848 | D:2      | Gained mutation: You have a pair of horns on your head.
                  | [demonic ancestry]
  1848 | D:2      | Reached XP level 4. HP: 27/32 MP: 3/7
  2271 | D:2      | Gained mutation: Spells you cast may paralyse adjacent
                  | enemies. [demonic ancestry]
  2271 | D:2      | Reached XP level 5. HP: 20/38 MP: 2/9
  2762 | D:3      | Found a stormy altar of Qazlal.
  2882 | D:3      | Noticed Jessica
  2889 | D:3      | Killed Jessica
  3021 | D:3      | Found a faded altar of an unknown god.
  3436 | D:4      | Noticed Edmund
  3436 | D:4      | Noticed Grinder
  3440 | D:4      | Noticed an ogre
  3440 | D:4      | Paralysed by Grinder for 2 turns
  3452 | D:4      | Paralysed by Grinder for 7 turns
  3455 | D:4      | HP: 1/30 [frozen (2)]
  3457 | D:4      | Slain by Edmund

Illustrated notes

Levels and vault maps discovered:
D:1:      minmay_arrival_semitransparent, layout_loops_ring,
          minmay_tiny_reverse_x
D:2:      layout_basic, basic_altar
D:3:      layout_loops_ring, grunt_qazlal_clouds, basic_ecumenical_altar,
          kennysheep_jessica_study
D:4:      layout_basic, ebering_ghost_sewer_d, uniq_edmund, uniq_grinder

Skill      XL: |  1  2  3  4  5 |
---------------+----------------+-----
Transmutations | 1 2 |  2.1
Stealth        | 2 |  2.0
Dodging        | 2 |  2.0
Unarmed Combat | 1 2 |  2.0
Fighting       | 1 2 |  2.1
Spellcasting   | |  2.9
Poison Magic   | |  3.9

Action                   |  1- 3 |  4- 6 || total
-------------------------+-------+-------++-------
Melee: Unarmed           |    83 |    51 ||   134
       Headbutt          |    10 |    13 ||    23
       Punch             |     3 |       ||     3
 Cast: Sting             |    42 |    48 ||    90
       Poisonous Vapours |       |     8 ||     8
  Use: Scroll            |     3 |     3 ||     6
       Potion            |       |     1 ||     1
 Stab: Paralysed         |       |     5 ||     5
       Sleeping          |       |     1 ||     1
Armor: Robe              |    20 |    12 ||    32
Dodge: Dodged            |    74 |    31 ||   105
